 Dungeon Crawl Stone Soup version 0.14-a0-1637-gd423c14 (webtiles) character file.

376 M4edhros the Covert (level 6, 0/38 HPs)
             Began as an Octopode Artificer on Dec 26, 2013.
             Was a Believer of Fedhas.
             Slain by a centaur skeleton (6 damage)
             ... in an ossuary.
             The game lasted 00:05:18 (2259 turns).

M4edhros the Covert (Octopode Artificer)            Turns: 2259, Time: 00:05:18

HP   0/38        AC  1     Str 10      XL: 6   Next: 54%
MP   9/9         EV 12     Int 16      God: Fedhas [**....]
Gold 40          SH  0     Dex 13      Spells:  0 memorised,  5 levels left

rFire  . . .     SeeInvis .     l - +0 cutlass (curse)
rCold  . . .     Clarity  .     (no shield)
rNeg   . . .     Conserve .     (helmet restricted)
rPois  .         rCorr    .     (no amulet)
rElec  .         rRot     .     i - cursed ring of hunger
SustAb . .       Spirit   .     (no ring)
rMut   .         Warding  .     (no ring)
Saprov . . .     Stasis   .     (no ring)
                                (no ring)
                                (no ring)
                                (no ring)
                                (no ring)

@: slightly resistant to hostile enchantments, extremely stealthy
A: almost no armour, amphibious, 8 rings, constrict 8, camouflage 1, gelatinous
body 1
a: Evolution, Sunlight, Renounce Religion


You were in an ossuary.
You worshipped Fedhas.
Fedhas was pleased with you.
You were hungry.

You visited 2 branches of the dungeon, and saw 5 of its levels.
You also visited: Ossuary.

You collected 40 gold pieces.

Inventory:

Hand weapons
 a - a cursed +0,+0 short sword
 h - a cursed +0,+0 elven short sword
 l - a cursed +0,+0 cutlass (weapon)
Missiles
 j - 4 javelins (quivered)
Magical devices
 b - a wand of flame (0)
 c - a wand of enslavement (8)
 d - a wand of random effects (13)
Comestibles
 g - a pear
Scrolls
 k - a scroll of enchant weapon I {unknown}
 m - a scroll of curse armour {unknown}
 n - a scroll of remove curse {unknown}
Jewellery
 i - a cursed ring of hunger (left tentacle)


   Skills:
 - Level 1.0 Fighting
 - Level 1.0 Short Blades
 - Level 2.0 Dodging
 + Level 9.3 Stealth
 - Level 3.2 Evocations


You had 5 spell levels left.
You didn't know any spells.

Dungeon Overview and Level Annotations

Branches:
Dungeon (4/16)             Temple (1/1) D:4

Altars:
Ashenzari
Elyvilon
Fedhas
Makhleb
Nemelex Xobeh
Okawaru
Sif Muna
Trog
Xom
Yredelemnul
Zin
the Shining One


Innate Abilities, Weirdness & Mutations

You cannot wear most types of armour.
You are amphibious.
You can wear up to eight rings at the same time.
You can use your tentacles to constrict many enemies at once.
Your skin changes colour to match your surroundings (Stlth).
Your rubbery body absorbs attacks (AC +1).


Message History

Unknown command.
Evoke which item? (* to show all) (? for menu, Esc to quit)
Zapping:
d - a wand of random effects (14)
Press: ? - help, Shift-Dir - straight line, f - adder zombie, p - centaur skeleton
Aim: an adder zombie The bolt of cold hits the centaur skeleton.
The centaur skeleton resists.
The bolt of cold hits the adder zombie.
The adder zombie resists.
The bolt of cold hits the big kobold skeleton.
The big kobold skeleton resists.
This wand has 13 charges left.
The centaur skeleton misses you.
Unknown command.
You aren't carrying any potions.
Read which item? (? for menu, Esc to quit)
Okay, then.
You hit the centaur skeleton. The centaur skeleton hits you.
* * * LOW HITPOINT WARNING * * *
The centaur skeleton hits you.
You die...
Fedhas appreciates your contribution to the ecosystem.

#...######..######...#
#...# #..#....#...#
#...# #..#..#.#...#
#...#.####..####.#...#
#...#............#...#
#...#.####.......#...#
#...# #.......#...#
#...# #.......#...#
#...# #.∩.@...#...#
#...#........Z####...#
#..z#.####...#z #...#
#..z# #...#zz #...#
#..Z##############...#
#....................#
#.........∩∩.........#
######################


You could see 2 adder zombies, a big kobold skeleton and a centaur skeleton.

Vanquished Creatures
  An elf skeleton (Ossuary)
  A centaur skeleton (Ossuary)
  2 human skeletons (Ossuary)
  2 orc wizards
  A worker ant (D:4)
  A big kobold skeleton (Ossuary)
  3 mummies
  2 adders (D:2)
  An adder skeleton (Ossuary)
  5 orcs
  3 bats
  2 giant cockroaches
  A goblin (D:4)
  2 hobgoblins
  6 jackals
  5 kobolds
  A giant newt (D:1)
  5 hobgoblin skeletons (Ossuary)
  11 kobold skeletons (Ossuary)
  9 orc skeletons (Ossuary)
  A rat (D:3)
  2 rat skeletons
67 creatures vanquished.

Vanquished Creatures (collateral kills)
  3 orcs (D:3)
3 creatures vanquished.

Vanquished Creatures (others)
  4 toadstools (D:4)
4 creatures vanquished.

Grand Total: 74 creatures vanquished

Notes
Turn   | Place    | Note
--------------------------------------------------------------
     0 | D:1      | M4edhros, the Octopode Artificer, began the quest for the Orb.
     0 | D:1      | Reached XP level 1. HP: 13/13 MP: 1/1
   114 | D:2      | Reached XP level 2. HP: 12/18 MP: 3/3
   205 | D:2      | Reached skill level 4 in Stealth
   443 | D:2      | Reached XP level 3. HP: 12/23 MP: 4/4
   725 | D:2      | Reached skill level 5 in Stealth
   989 | D:4      | Reached XP level 4. HP: 28/28 MP: 6/6
  1004 | D:4      | Found a staircase to the Ecumenical Temple.
  1028 | Temple   | Entered the Ecumenical Temple
  1057 | Temple   | Became a worshipper of Fedhas Madash
  1120 | D:4      | Reached skill level 6 in Stealth
  1278 | D:4      | Reached XP level 5. HP: 22/33 MP: 7/7
  1427 | D:4      | Found a sand-covered staircase.
  1465 | Ossuary  | Entered an ossuary
  1476 | Ossuary  | Reached skill level 7 in Stealth
  1494 | Ossuary  | Acquired Fedhas' first power
  1566 | Ossuary  | Acquired Fedhas' second power
  1717 | Ossuary  | Reached skill level 8 in Stealth
  1730 | Ossuary  | Reached XP level 6. HP: 20/38 MP: 9/9
  2110 | Ossuary  | Reached skill level 9 in Stealth
  2259 | Ossuary  | Slain by a centaur skeleton

Action                   |  1- 3 |  4- 6 || total
-------------------------+-------+-------++-------
Melee: Short sword       |    55 |       ||    55
       Cutlass           |       |   114 ||   114
Evoke: Wand              |     6 |    18 ||    24
  Use: Scroll            |     1 |     1 ||     2
       Potion            |     1 |       ||     1
 Stab: Sleeping          |     5 |     2 ||     7
